[Event "Titled Tuesday Blitz July 13 2021"]
[White "Pridorozhni, Aleksei"]
[Black "Martinez Alcantara, Jose Eduardo"]
[WhiteFideId "4127870"]
[BlackFideId "3805662"]
[WhiteElo "2879"]
[BlackElo "2998"]
[Result "1/2-1/2"]
[Round "09"]
[TimeControl "180+1"]
[Date "2021.07.13"]
[WhiteClock "0:00:15"]
[BlackClock "0:00:06"]

1. e4 c5 2. Nc3 d6 3. f4 Nc6 4. Bb5 Bd7 5. Nf3 g6 6. O-O Bg7 7. d3 Nd4 8. Bxd7+ Qxd7 9. Nxd4 cxd4 10. Ne2 e6 11. f5 d5 12. fxe6 fxe6 13. exd5 e5 14. c4 dxc3 15. bxc3 Qxd5 16. c4 Qc6 17. Rb1 Rd8 18. Nc3 Nf6 19. Ba3 a6 20. Kh1 b5 21. Qe2 Qc7 22. Ne4 Nxe4 23. Qxe4 Qd7 24. Rbe1 Rc8 25. Bb2 Kd8 26. Bxe5 Re8 27. Qh4+ Qe7 28. Qxe7+ Rxe7 29. Bxg7 Rxg7 30. Rf8+ Kc7 31. Rxc8+ Kxc8 32. Kg1 Rd7 33. cxb5 axb5 34. Rb1 Rd5 35. Kf2 Rxd3 36. Rxb5 Rd2+ 37. Kf3 Rxa2 38. Rd5 Ra4 39. h3 Rb4 40. Rd6 Rb7 41. Kg4 Rb5 42. h4 Rc5 43. g3 Rb5 44. Rf6 Kd8 45. Rf7 h5+ 46. Kf4 Rb4+ 47. Kf3 Rb3+ 48. Kg2 Rb2+ 49. Kh3 Rb6 50. g4 Rb3+ 51. Kg2 hxg4 52. Rg7 Rb6 53. Kg3 Ke8 54. Kxg4 Kf8 55. Ra7 Rc6 56. h5 gxh5+ 57. Kxh5 Re6 58. Rh7 Re7 59. Rxe7 Kxe7 1/2-1/2


[Site "https://www.chess.com"]

[Event "Titled Tuesday Blitz July 13 2021"]
[White "Prraneeth Vuppala"]
[Black "Samsonkin, Artiom"]
[WhiteFideId "46622373"]
[BlackFideId "13503111"]
[WhiteElo "1759"]
[BlackElo "2513"]
[Result "1-0"]
[Round "09"]
[TimeControl "180+1"]
[Date "2021.07.13"]
[WhiteClock "0:00:06"]
[BlackClock "0:00:06"]

1. d4 Nf6 2. c4 e6 3. Nf3 Bb4+ 4. Bd2 Qe7 5. e3 O-O 6. Bd3 a5 7. O-O d6 8. a3 Bxd2 9. Nbxd2 e5 10. Qc2 Re8 11. dxe5 dxe5 12. Ne4 Nbd7 13. Rfd1 g6 14. Rac1 Nxe4 15. Bxe4 Nc5 16. Rd5 f6 17. Bxg6 hxg6 18. Qxg6+ Kf8 19. Rxc5 c6 20. b4 axb4 21. axb4 Bd7 22. b5 b6 23. bxc6 bxc5 24. cxd7 Red8 25. Nh4 Qg7 26. Qh5 Rxd7 27. Nf5 Qh7 28. Qf3 Rad8 29. h3 Qf7 30. Kh2 Qg6 31. Ra1 Kg8 32. Ra6 Rf7 33. Ng3 Kh7 34. Rc6 Rdf8 35. Rxc5 Re7 36. e4 Rd8 37. Rd5 Rf7 38. Rxd8 Re7 39. Nf5 Rc7 40. c5 Rxc5 41. Rd7+ Kh8 42. Qb3 Rc8 43. Qe6 Rg8 44. g3 Rf8 45. Qe7 Rg8 46. Rd6 1-0


[Site "https://www.chess.com"]

[Event "Titled Tuesday Blitz July 13 2021"]
[White "Pruijssers, Roeland"]
[Black "Weinstein, Norman"]
[WhiteFideId "1013068"]
[BlackFideId "2000466"]
[WhiteElo "2545"]
[BlackElo "2526"]
[Result "1-0"]
[Round "09"]
[TimeControl "180+1"]
[Date "2021.07.13"]
[WhiteClock "0:00:08"]
[BlackClock "0:00:09"]

1. e4 c5 2. Nf3 d6 3. Bd3 Nc6 4. O-O Bg4 5. h3 Bh5 6. g4 Bg6 7. c3 e6 8. Bc2 Nf6 9. Re1 Be7 10. d4 O-O 11. a3 Rc8 12. dxc5 dxc5 13. Qe2 h6 14. Bf4 Qb6 15. Ra2 Rfd8 16. Nbd2 a6 17. Nc4 Qa7 18. a4 b6 19. Raa1 Qb7 20. Nce5 Nxe5 21. Nxe5 Bh7 22. f3 b5 23. axb5 axb5 24. Ra5 c4 25. Be3 Ra8 26. Rea1 Rxa5 27. Rxa5 Ra8 28. Rxa8+ Qxa8 29. Qd1 Qb7 30. Qd4 Ne8 31. Qa7 Qxa7 32. Bxa7 Bd6 33. Nc6 f5 34. gxf5 exf5 35. e5 Bc7 36. Bd4 Kf7 37. Na7 Ke6 38. f4 g5 39. Nxb5 Bb8 40. Bd1 gxf4 41. Be2 Bxe5 42. Bxc4+ Kf6 43. Kf2 Bg6 44. Bxe5+ Kxe5 45. Nd4 Nd6 46. Bd3 Ne4+ 47. Ke1 Bh5 48. Nc6+ Kd6 49. Nb4 f3 50. Nc2 Ke5 51. Bxe4 Kxe4 52. Kf2 Kd3 53. Nd4 f4 54. Nxf3 Kc2 55. c4 Kxb2 56. c5 Be8 57. Ne5 Kc3 58. c6 Kd4 59. c7 1-0


[Site "https://www.chess.com"]

[Event "Titled Tuesday Blitz July 13 2021"]
[White "Rodriguez Hernandez, Luis Daniel"]
[Black "Reprintsev, Alexander"]
[WhiteFideId "3506770"]
[BlackFideId "14100541"]
[WhiteElo "2133"]
[BlackElo "2126"]
[Result "0-1"]
[Round "09"]
[TimeControl "180+1"]
[Date "2021.07.13"]
[WhiteClock "0:00:14"]
[BlackClock "0:02:01"]

1. e4 d5 2. exd5 Qxd5 3. d4 Nc6 4. Nf3 Bg4 5. Be2 O-O-O 6. Nbd2 Nf6 7. c4 Qf5 8. d5 Bxf3 9. Nxf3 e6 10. Ng5 Bb4+ 11. Kf1 exd5 12. Nxf7 dxc4 13. Nxd8 Rxd8 14. Qa4 a5 15. Kg1 b5 16. Qd1 Rxd1+ 17. Bxd1 Bc5 18. Bf3 Ne5 0-1


[Site "https://www.chess.com"]

[Event "Titled Tuesday Blitz July 13 2021"]
[White "Rodriguez, Santiago"]
[Black "Dolzhykova, Kateryna"]
[WhiteFideId "3000591"]
[BlackFideId "14113414"]
[WhiteElo "2256"]
[BlackElo "2151"]
[Result "0-1"]
[Round "09"]
[TimeControl "180+1"]
[Date "2021.07.13"]
[WhiteClock "0:00:15"]
[BlackClock "0:01:51"]

1. d4 Nf6 2. Bg5 Ne4 3. Bf4 d5 4. e3 g6 5. Bd3 Bg7 6. Bxe4 dxe4 7. Nc3 f5 8. h4 Be6 9. Nh3 c5 10. Ng5 Bc4 11. dxc5 Qa5 12. Qd2 Nc6 13. Nd1 Qxc5 14. a3 Rd8 15. Qc1 Ba6 16. h5 Qc4 17. Qd2 Rxd2 18. Kxd2 O-O 19. hxg6 Rd8+ 20. Kc1 hxg6 21. Rb1 Na5 22. g4 Nb3# 0-1


[Site "https://www.chess.com"]

[Event "Titled Tuesday Blitz July 13 2021"]
[White "Rozhkov, Viacheslav"]
[Black "Tejedor Fuente, Enrique"]
[WhiteFideId "4181484"]
[BlackFideId "2299100"]
[WhiteElo "2324"]
[BlackElo "2535"]
[Result "0-1"]
[Round "09"]
[TimeControl "180+1"]
[Date "2021.07.13"]
[WhiteClock "0:00:08"]
[BlackClock "0:00:05"]

1. e4 c5 2. Nf3 a6 3. d4 cxd4 4. Nxd4 Nf6 5. Nc3 e5 6. Nb3 Nc6 7. Bd3 Bb4 8. O-O Bxc3 9. bxc3 d5 10. exd5 Nxd5 11. Ba3 Nf4 12. Qf3 Qg5 13. Rfe1 Bg4 14. Qg3 Nh5 15. h4 Qf4 16. Qxf4 Nxf4 17. Be4 f6 18. Nc5 O-O-O 19. f3 Bd7 20. Rab1 b5 21. Nxa6 Na5 22. Nc5 Nc4 23. Bc1 g5 24. Nxd7 Kxd7 25. Rxb5 Nd6 26. Ra5 Nxe4 27. fxe4 h6 28. hxg5 hxg5 29. Bxf4 gxf4 30. Rd1+ Ke6 31. Ra6+ Kf7 32. Rad6 Rc8 33. Rd7+ Kg6 34. R1d3 Rc4 35. Kf2 Rxe4 36. R7d6 Ra8 37. Rc6 Rxa2 38. Kf3 Re1 39. Rdd6 Re3+ 40. Kg4 Rg3+ 41. Kh4 Kf5 42. Rxf6+ Ke4 43. Rc4+ Kd5 44. Rfc6 Rxg2 45. R4c5+ Ke4 46. Re6 Raxc2 47. Rcxe5+ Kf3 48. Rf5 Rh2+ 49. Kg5 Rcg2+ 50. Kf6 Rh6+ 51. Ke5 Re2+ 52. Kd5 Rexe6 53. c4 Rd6+ 54. Kc5 Ra6 55. Kd4 Rhd6+ 56. Ke5 Ra5+ 57. Kxd6 Rxf5 58. c5 Ke4 0-1


[Site "https://www.chess.com"]

[Event "Titled Tuesday Blitz July 13 2021"]
[White "Rustemov, Alexander"]
[Black "Maiorov, Nikita"]
[WhiteFideId "4119002"]
[BlackFideId "13501720"]
[WhiteElo "2777"]
[BlackElo "2440"]
[Result "1-0"]
[Round "09"]
[TimeControl "180+1"]
[Date "2021.07.13"]
[WhiteClock "0:00:13"]
[BlackClock "0:00:01"]

1. d4 Nf6 2. c4 e6 3. Nf3 b6 4. a3 Bb7 5. Nc3 d5 6. Bg5 Be7 7. Bxf6 Bxf6 8. cxd5 exd5 9. Qa4+ c6 10. g3 O-O 11. Rd1 Re8 12. Bg2 Na6 13. O-O c5 14. e3 Nc7 15. Rd2 c4 16. Qc2 b5 17. Rfd1 a5 18. Ne5 b4 19. axb4 axb4 20. Ne2 Ra7 21. Nf4 Qe7 22. Ng4 Bg5 23. Ne2 Bc6 24. h4 Ba4 25. Qf5 Bxd1 26. Rxd1 Bf6 27. Bxd5 Nxd5 28. Qxd5 Rc8 29. Rc1 Rac7 30. h5 Qe6 31. Nxf6+ Qxf6 32. Qb5 Qe7 33. Nf4 Rb7 34. Qf5 Qd7 35. Qe5 c3 36. bxc3 bxc3 37. h6 f6 38. Qa5 Qb5 39. Qa2+ Qb3 40. Qa6 c2 41. hxg7 Kxg7 42. Kg2 1-0


[Site "https://www.chess.com"]

[Event "Titled Tuesday Blitz July 13 2021"]
[White "Sadovsky, Artem"]
[Black "Obolentseva, Alexandra"]
[WhiteFideId "4155840"]
[BlackFideId "24153648"]
[WhiteElo "2442"]
[BlackElo "2113"]
[Result "0-1"]
[Round "09"]
[TimeControl "180+1"]
[Date "2021.07.13"]
[WhiteClock "0:00:02"]
[BlackClock "0:00:38"]

1. Nf3 Nf6 2. g3 g6 3. Bg2 Bg7 4. O-O O-O 5. b3 d5 6. Bb2 c5 7. d3 Nc6 8. Nbd2 Bf5 9. Re1 Rc8 10. e4 dxe4 11. dxe4 Bg4 12. h3 Be6 13. Ng5 Bd7 14. e5 Ne8 15. Nxf7 Kxf7 16. e6+ Bxe6 17. Rxe6 Kxe6 18. Qg4+ Kf7 19. Ne4 Bxb2 20. Ng5+ Kg8 21. Rd1 Nd4 22. c4 Nf6 23. Qh4 e6 24. Kh1 Qe7 25. Re1 Rcd8 26. f4 Nh5 27. g4 Nxf4 28. Be4 Qg7 29. Qg3 h6 30. Nf3 Nxf3 31. Qxf3 Be5 32. Bxb7 Rd4 33. Qc6 Bd6 34. Ba6 Nxh3 35. Kg2 Rf2+ 36. Kxh3 Rd3+ 37. Kh4 Qf6+ 38. g5 Qxg5# 0-1


[Site "https://www.chess.com"]

[Event "Titled Tuesday Blitz July 13 2021"]
[White "Salazar Cabezas, Alberto Javier"]
[Black "Elgersma, Onno"]
[WhiteFideId "6104401"]
[BlackFideId "1053531"]
[WhiteElo "1893"]
[BlackElo "2447"]
[Result "0-1"]
[Round "09"]
[TimeControl "180+1"]
[Date "2021.07.13"]
[WhiteClock "0:01:26"]
[BlackClock "0:01:29"]

1. Nf3 Nf6 2. c4 e6 3. Nc3 d5 4. e3 c5 5. cxd5 exd5 6. d4 Nc6 7. Bb5 Bd6 8. dxc5 Bxc5 9. O-O O-O 10. h3 a6 11. Bxc6 bxc6 12. b3 Bd6 13. Bb2 Re8 14. Rc1 Bd7 15. Na4 Ne4 16. Nd4 Rc8 17. Qe2 c5 18. Nf3 Bb5 19. Qd1 Bxf1 20. Qxf1 c4 21. Qd1 cxb3 22. Qxb3 Rxc1+ 23. Bxc1 Qa5 24. Nb2 Rc8 25. Nd3 Rc3 26. Qb1 Qb5 27. Nb2 Qe2 28. Nd3 Rxd3 0-1


[Site "https://www.chess.com"]

[Event "Titled Tuesday Blitz July 13 2021"]
[White "Senthil Maran K"]
[Black "Viskelis, Darius"]
[WhiteFideId "25035681"]
[BlackFideId "12800830"]
[WhiteElo "2194"]
[BlackElo "2006"]
[Result "0-1"]
[Round "09"]
[TimeControl "180+1"]
[Date "2021.07.13"]
[WhiteClock "0:00:01"]
[BlackClock "0:00:04"]

1. d4 d5 2. Nf3 e6 3. g3 c5 4. Bg2 Nc6 5. O-O Nf6 6. c4 cxd4 7. Nxd4 Be7 8. Nc3 O-O 9. cxd5 exd5 10. Bf4 Bg4 11. h3 Bh5 12. Rc1 Re8 13. Ncb5 Nxd4 14. Nxd4 Rc8 15. Qa4 a6 16. g4 Bg6 17. Qb3 Bc5 18. e3 Ne4 19. Rfd1 Bxd4 20. exd4 b5 21. Rxc8 Qxc8 22. Rc1 Qe6 23. Re1 Qf6 24. Be5 Qxf2+ 25. Kh2 Qxe1 26. Qxd5 Nf6 27. Qc6 Rxe5 28. dxe5 Qxe5+ 29. Kg1 h5 30. Qxa6 hxg4 31. hxg4 Kh7 32. Bf3 Qg3+ 33. Bg2 Be4 34. Kf1 Bxg2+ 35. Ke2 Qxg4+ 36. Kd2 Bf1 37. Qb6 Qf4+ 38. Kc2 Qc4+ 39. Kd2 Qd3+ 40. Kc1 Be2 41. Qg1 Ne4 0-1


[Site "https://www.chess.com"]

[Event "Titled Tuesday Blitz July 13 2021"]
[White "Shahade, Gregory"]
[Black "Stocek, Jiri"]
[WhiteFideId "2009064"]
[BlackFideId "304760"]
[WhiteElo "2704"]
[BlackElo "2409"]
[Result "0-1"]
[Round "09"]
[TimeControl "180+1"]
[Date "2021.07.13"]
[WhiteClock "0:00:03"]
[BlackClock "0:00:20"]

1. e4 c5 2. Nf3 d6 3. d4 cxd4 4. Nxd4 Nf6 5. Nc3 a6 6. Be3 Nc6 7. f3 Bd7 8. Qd2 h5 9. Be2 e6 10. a4 Rc8 11. O-O h4 12. f4 h3 13. g3 Be7 14. a5 O-O 15. Nb3 e5 16. Bb6 Qe8 17. f5 Nb4 18. g4 Bc6 19. g5 Nxe4 20. Nxe4 Bxe4 21. Qxb4 d5 22. Bc5 Rxc5 23. Nxc5 Qc6 24. Rf2 Bxc5 25. Qe1 Bxf5 26. Kf1 Be4 27. Bg4 Bxf2 28. Qxf2 Bg2+ 29. Kg1 f5 30. Be2 f4 31. Rd1 f3 32. Bd3 e4 33. Bf1 e3 34. Qxe3 f2+ 35. Qxf2 Rxf2 36. Kxf2 Qxc2+ 37. Be2 Qc5+ 38. Ke1 Qg1+ 39. Kd2 Qxh2 40. Kc1 Qf4+ 41. Kb1 h2 0-1


[Site "https://www.chess.com"]

[Event "Titled Tuesday Blitz July 13 2021"]
[White "Shevelev, Dmitri"]
[Black "Belyakov, Bogdan"]
[WhiteFideId "2802627"]
[BlackFideId "24104795"]
[WhiteElo "2262"]
[BlackElo "2407"]
[Result "0-1"]
[Round "09"]
[TimeControl "180+1"]
[Date "2021.07.13"]
[WhiteClock "0:00:04"]
[BlackClock "0:00:42"]

1. d4 Nf6 2. Nf3 g6 3. Nc3 Bg7 4. e4 d6 5. Be3 Ng4 6. Bg5 h6 7. Bf4 O-O 8. Qd2 e5 9. dxe5 dxe5 10. Qxd8 Rxd8 11. Bg3 Nc6 12. Bb5 Nd4 13. O-O-O c6 14. Bf1 Be6 15. h3 Nxf3 16. gxf3 Nf6 17. Bxe5 Rxd1+ 18. Nxd1 Rd8 19. Ne3 b5 20. a3 Nh5 21. Bxg7 Kxg7 22. h4 Kf6 23. c4 a6 24. b4 Nf4 25. Kc2 Ke5 26. c5 h5 27. Ng2 Nxg2 28. Bxg2 Bc4 29. Re1 Kf4 30. Re3 Rd4 31. Bh3 f6 32. Kc3 Rd1 33. e5 fxe5 34. Re4+ Kxf3 35. Rxe5 Kxf2 36. Rg5 Rd3+ 37. Kb2 Rxh3 38. Rxg6 Bd5 39. Rh6 Rxh4 40. a4 Rxb4+ 41. Ka3 Rxa4+ 42. Kb2 h4 43. Kc3 Kg3 44. Rg6+ Rg4 45. Rd6 h3 0-1


[Site "https://www.chess.com"]

[Event "Titled Tuesday Blitz July 13 2021"]
[White "Shukhman, Anna"]
[Black "Janaszak, Dawid"]
[WhiteFideId "54180058"]
[BlackFideId "1119206"]
[WhiteElo "1628"]
[BlackElo "2332"]
[Result "0-1"]
[Round "09"]
[TimeControl "180+1"]
[Date "2021.07.13"]
[WhiteClock "0:00:18"]
[BlackClock "0:00:42"]

1. e4 c5 2. Nf3 a6 3. c3 Nf6 4. e5 Nd5 5. d4 cxd4 6. cxd4 d6 7. Bc4 e6 8. O-O Nc6 9. Nc3 Nxc3 10. bxc3 dxe5 11. dxe5 Qxd1 12. Rxd1 b5 13. Bd3 Bb7 14. Be4 Bc5 15. a4 Ke7 16. axb5 axb5 17. Rb1 Ra5 18. Nd4 Nxd4 19. Bxb7 Ne2+ 20. Kf1 Nxc3 21. Bd2 b4 22. Bxc3 bxc3 23. Bc6 Rc8 24. Rd7+ Kf8 25. Rbb7 Kg8 26. Be4 Bf8 27. Ke2 Rxe5 28. Kd3 c2 29. Rbc7 c1=Q 0-1


[Site "https://www.chess.com"]

[Event "Titled Tuesday Blitz July 13 2021"]
[White "Shuvalov, Evgenij"]
[Black "Ozates, Tuna"]
[WhiteFideId "4187237"]
[BlackFideId "6354521"]
[WhiteElo "2163"]
[BlackElo "1872"]
[Result "0-1"]
[Round "09"]
[TimeControl "180+1"]
[Date "2021.07.13"]
[WhiteClock "0:00:11"]
[BlackClock "0:00:26"]

1. Nf3 c5 2. c4 Nc6 3. Nc3 e5 4. g3 g6 5. Bg2 Bg7 6. O-O d6 7. a3 Be6 8. d3 h6 9. Rb1 Nge7 10. b4 Qd7 11. Ne4 b6 12. b5 Nd8 13. Ne1 d5 14. Nc3 Rc8 15. cxd5 Nxd5 16. Nxd5 Bxd5 17. Bxd5 Qxd5 18. Nc2 Ne6 19. Ne3 Qd7 20. Nc4 O-O 21. Bb2 f6 22. Qb3 Kh7 23. e3 Rcd8 24. Rbd1 Ng5 25. f4 exf4 26. gxf4 Qg4+ 27. Kh1 Ne6 28. Qc2 Rd5 29. Qg2 Qxg2+ 30. Kxg2 Rfd8 31. f5 gxf5 32. a4 Kg6 33. Kf3 Rxd3 34. Rxd3 Rxd3 35. Ke2 Rd5 36. Rg1+ Kf7 37. h4 h5 38. Rf1 Bh6 39. e4 Nd4+ 40. Bxd4 Rxd4 41. Nb2 Rxe4+ 42. Kd3 Rf4 43. Re1 Rxh4 44. Nc4 Rd4+ 45. Kc3 Bf4 46. Rf1 h4 47. Kb3 h3 48. Rf3 h2 49. Rh3 Rd1 50. Rh7+ Kg6 51. Rxh2 Bxh2 52. a5 bxa5 53. Nxa5 f4 54. Nc6 f3 55. Nxa7 f2 56. b6 f1=Q 57. b7 Qd3+ 0-1


[Site "https://www.chess.com"]

[Event "Titled Tuesday Blitz July 13 2021"]
[White "Siniauski, Artsiom"]
[Black "shnitez"]
[WhiteFideId "13512269"]
[WhiteElo "2210"]
[BlackElo "2457"]
[Result "1-0"]
[Round "09"]
[TimeControl "180+1"]
[Date "2021.07.13"]
[WhiteClock "0:00:14"]
[BlackClock "0:00:05"]

1. e4 c5 2. Nf3 e6 3. c4 d6 4. Nc3 Nf6 5. Be2 Nbd7 6. O-O b6 7. d4 cxd4 8. Nxd4 Bb7 9. f3 a6 10. Be3 Be7 11. Rc1 O-O 12. Qe1 Rc8 13. Qf2 Qc7 14. Rfd1 Qb8 15. g4 Ne5 16. b3 Rfe8 17. g5 Nfd7 18. f4 Nc6 19. h4 Nxd4 20. Bxd4 e5 21. fxe5 dxe5 22. Be3 Nc5 23. Bf3 Ne6 24. Nd5 Bxd5 25. exd5 Nd4 26. Be4 Rf8 27. Rf1 b5 28. h5 bxc4 29. bxc4 Qb4 30. h6 g6 31. Kh1 Rxc4 32. Rxc4 Qxc4 33. d6 Bd8 34. Rd1 Qe6 35. Bxd4 exd4 36. Qxd4 Qh3+ 37. Kg1 Qg4+ 38. Kf1 f6 39. Bd5+ 1-0


[Site "https://www.chess.com"]

[Event "Titled Tuesday Blitz July 13 2021"]
[White "Skatchkov, Valery"]
[Black "De Silva, L M S T"]
[WhiteFideId "24195812"]
[BlackFideId "9953698"]
[WhiteElo "2199"]
[BlackElo "1621"]
[Result "1-0"]
[Round "09"]
[TimeControl "180+1"]
[Date "2021.07.13"]
[WhiteClock "0:00:30"]
[BlackClock "0:00:19"]

1. d4 Nf6 2. c4 e6 3. Nc3 Bb4 4. Qc2 O-O 5. e4 d5 6. e5 Ne4 7. Bd3 c5 8. Nf3 cxd4 9. Nxd4 Nd7 10. Bf4 Qh4 11. g3 Qh5 12. cxd5 exd5 13. O-O Bxc3 14. bxc3 Nxe5 15. Bxe4 dxe4 16. Qxe4 Ng4 17. h4 Nf6 18. Qe5 Qg4 19. Bg5 Ne4 20. Rae1 Nxc3 21. Bd2 Na4 22. Bb4 Bd7 23. Bxf8 Rxf8 24. Re4 Qg6 25. Qe7 h6 26. h5 Qh7 27. Rf4 Nb6 28. Re1 Qd3 29. Nf3 Nd5 30. Ne5 Qd2 31. Qxf8+ Kxf8 32. Nxd7+ Kg8 33. Re8+ Kh7 34. Nf8+ 1-0


[Site "https://www.chess.com"]

[Event "Titled Tuesday Blitz July 13 2021"]
[White "Starozhilov, Leonid"]
[Black "Sjugirov, Sanan"]
[WhiteFideId "14106752"]
[BlackFideId "4189302"]
[WhiteElo "2724"]
[BlackElo "2928"]
[Result "0-1"]
[Round "09"]
[TimeControl "180+1"]
[Date "2021.07.13"]
[WhiteClock "0:00:01"]
[BlackClock "0:00:11"]

1. Nf3 d5 2. g3 Bg4 3. Bg2 Nd7 4. d4 e6 5. c3 Ngf6 6. O-O Be7 7. Bg5 O-O 8. Nbd2 c5 9. h3 Bh5 10. e3 Qb6 11. Qb3 Qa6 12. Ne5 Nb6 13. g4 Bg6 14. Nxg6 hxg6 15. Rfe1 Rac8 16. Bf1 Qa5 17. a4 cxd4 18. exd4 a6 19. Bd3 Rfe8 20. Kg2 Rc7 21. Bf4 Rcc8 22. f3 Nh7 23. Bg3 Bd8 24. Bb5 axb5 25. axb5 Nc4 26. Rxa5 Nxd2 27. Qa2 Bxa5 28. Qxa5 Ng5 29. Re3 Nc4 30. Qa7 Nxe3+ 31. Kf2 Nd1+ 32. Ke2 Nxb2 33. h4 Nh7 34. Kd2 Nc4+ 35. Kd3 b6 36. g5 Nf8 37. Qb7 Rcd8 38. Bf4 Rd7 0-1


[Site "https://www.chess.com"]

[Event "Titled Tuesday Blitz July 13 2021"]
[White "Stoyanov, Tsvetan"]
[Black "Zubritskiy, Artyom"]
[WhiteFideId "2917173"]
[BlackFideId "4181247"]
[WhiteElo "2198"]
[BlackElo "2559"]
[Result "1/2-1/2"]
[Round "09"]
[TimeControl "180+1"]
[Date "2021.07.13"]
[WhiteClock "0:00:16"]
[BlackClock "0:00:13"]

1. c4 f5 2. Nc3 Nf6 3. d4 g6 4. g3 Bg7 5. Bg2 O-O 6. Nf3 d6 7. O-O Qe8 8. d5 a5 9. Nd4 Na6 10. b3 Bd7 11. Bb2 Nc5 12. a3 g5 13. b4 Nce4 14. Ncb5 Ng4 15. Nxc7 Qh5 16. h3 Ngxf2 17. Rxf2 Nxf2 18. Kxf2 Rac8 19. Nce6 Bxe6 20. dxe6 Rxc4 21. Qd3 Rc7 22. Rb1 g4 23. Nb5 Rcc8 24. Bxg7 Kxg7 25. Qd4+ Kg8 26. Qf4 axb4 27. axb4 Rc2 28. Nd4 Rc4 29. Bd5 Rxd4 30. Qxd4 f4 31. Rg1 fxg3+ 32. Ke1 Qxh3 33. Bg2 Qh5 34. Rf1 Rxf1+ 35. Kxf1 Qf5+ 36. Kg1 h5 37. Qe3 h4 38. Bxb7 Qb1+ 39. Kg2 Qxb4 40. Qg5+ Kf8 41. Qf5+ Ke8 42. Qf7+ Kd8 43. Qf8+ Kc7 44. Qxe7+ Kb6 45. Bd5 h3+ 46. Kxg3 Qe1+ 47. Kxg4 Qxe2+ 48. Kxh3 Qh5+ 49. Qh4 Qxd5 50. e7 Qe6+ 51. Kg3 Kc7 52. Qh7 Kd7 53. Kf4 Qxe7 54. Qxe7+ Kxe7 55. Ke4 Ke6 56. Kd4 d5 57. Kd3 Ke5 58. Ke3 d4+ 59. Kd3 Kd5 60. Kd2 Ke5 61. Kc2 Ke4 62. Kd2 Kd5 63. Kd3 Kc5 64. Kd2 Kc4 65. Kc2 d3+ 66. Kd2 Kd4 67. Kd1 Ke4 68. Kd2 Kd4 69. Kd1 Ke3 70. Ke1 Kd4 71. Kd1 1/2-1/2


[Site "https://www.chess.com"]

[Event "Titled Tuesday Blitz July 13 2021"]
[White "Svane, Frederik"]
[Black "Djordjevic, Vuk"]
[WhiteFideId "12923044"]
[BlackFideId "902098"]
[WhiteElo "2459"]
[BlackElo "2463"]
[Result "0-1"]
[Round "09"]
[TimeControl "180+1"]
[Date "2021.07.13"]
[WhiteClock "0:00:02"]
[BlackClock "0:00:09"]

1. e4 e6 2. d4 d5 3. Nd2 Be7 4. c3 c5 5. dxc5 Bxc5 6. Bd3 Nf6 7. Qe2 Nc6 8. Ngf3 a5 9. e5 Nd7 10. O-O g5 11. Bb5 g4 12. Nd4 Bxd4 13. Bxc6 bxc6 14. cxd4 Ba6 15. Qxg4 Bxf1 16. Nxf1 Qe7 17. Bd2 c5 18. Rc1 c4 19. b3 Nb6 20. Ne3 Rc8 21. Qd1 cxb3 22. Rxc8+ Nxc8 23. Qxb3 Qc7 24. Ng4 Nb6 25. Nf6+ Kd8 26. g3 Nc4 27. Bg5 Kc8 28. Qb5 h6 29. Bf4 Qb7 30. Qc5+ Qc7 31. Qb5 Qb7 32. Qc5+ Kb8 33. a4 Rc8 34. Qb5 Qxb5 35. axb5 a4 36. Bxh6 a3 37. Nd7+ Kb7 0-1


[Site "https://www.chess.com"]

[Event "Titled Tuesday Blitz July 13 2021"]
[White "Sviridova, Vlada"]
[Black "Spitzl, Vinzent"]
[WhiteFideId "24109606"]
[BlackFideId "12901253"]
[WhiteElo "2101"]
[BlackElo "2192"]
[Result "1-0"]
[Round "09"]
[TimeControl "180+1"]
[Date "2021.07.13"]
[WhiteClock "0:00:11"]
[BlackClock "0:00:01"]

1. d4 d5 2. c4 e6 3. Nf3 Nf6 4. Nc3 Bb4 5. Bg5 h6 6. Bxf6 Qxf6 7. e3 O-O 8. Rc1 Nc6 9. Bd3 dxc4 10. Bxc4 e5 11. dxe5 Nxe5 12. Nxe5 Qxe5 13. O-O Bd6 14. g3 Bh3 15. Re1 Rad8 16. Qf3 c6 17. Bf1 Be6 18. Bg2 Bb4 19. Qf4 Qxf4 20. exf4 Rd2 21. a3 Ba5 22. b4 Bb6 23. Ne4 Ra2 24. Nc5 Bxc5 25. Rxc5 Rxa3 26. f5 Ba2 27. Re7 Rd8 28. h4 b6 29. Rxc6 Rb3 30. Rxa7 Bb1 31. Rcc7 Rf8 32. Bd5 Rxb4 33. Bxf7+ Kh8 34. Be6 Bxf5 35. Rxg7 Rb1+ 36. Kh2 Rb2 37. Kg1 Rb1+ 38. Kh2 Rb2 39. Bxf5 Rxf5 40. Kh3 Rbxf2 41. Rgb7 Kg8 42. Rxb6 Rf6 43. Rb8+ Rf8 44. Rbb7 R8f6 45. Rg7+ Kf8 46. Rh7 Kg8 47. Rag7+ Kf8 48. Rb7 Kg8 49. Rhc7 Rf1 50. Rb8+ Rf8 51. Rb6 R8f6 52. Rbb7 R1f2 53. Kg4 Rf1 54. Kh5 R1f5+ 55. Kg4 Rf1 56. Ra7 R1f2 57. Rc8+ Rf8 58. Rxf8+ Kxf8 59. Kh5 Rf3 60. g4 Rf4 61. Rh7 Kg8 62. Rxh6 Kg7 63. Rg6+ Kh7 64. Ra6 Rb4 65. g5 Rb7 66. Re6 Kg8 67. Kh6 Rh7+ 68. Kg6 Rg7+ 69. Kf6 Rf7+ 70. Kg6 Rg7+ 71. Kf5 Rh7 72. Kg4 Rb7 73. g6 Kg7 74. h5 Rb4+ 75. Kf5 Rb5+ 76. Re5 Rb1 77. Re7+ Kg8 78. Rd7 Rb5+ 79. Kf6 Rb6+ 80. Kg5 Rb5+ 81. Kh6 Rb8 82. Rg7+ Kh8 83. Rh7+ Kg8 84. Rc7 Kh8 85. Ra7 Kg8 86. Rd7 Kh8 87. Re7 Kg8 88. Rf7 Kh8 89. g7+ Kg8 90. Kg6 Rb6+ 91. Rf6 Rb8 92. h6 1-0


[Site "https://www.chess.com"]

[Event "Titled Tuesday Blitz July 13 2021"]
[White "Szente Varga, Fruzsina"]
[Black "Tomb, Maroun"]
[WhiteFideId "712264"]
[BlackFideId "5300398"]
[WhiteElo "2106"]
[BlackElo "2527"]
[Result "0-1"]
[Round "09"]
[TimeControl "180+1"]
[Date "2021.07.13"]
[WhiteClock "0:00:09"]
[BlackClock "0:00:22"]

1. e4 c5 2. Nf3 Nc6 3. Bb5 g6 4. O-O Bg7 5. Nc3 Nd4 6. Nxd4 cxd4 7. Ne2 a6 8. Bd3 b5 9. c3 dxc3 10. dxc3 Bb7 11. Be3 Nf6 12. f3 d5 13. e5 Nd7 14. f4 e6 15. a4 bxa4 16. Qxa4 O-O 17. Qc2 f6 18. Nd4 Qe7 19. exf6 Bxf6 20. Ra5 e5 21. fxe5 Nxe5 22. Nb3 Nc4 23. Bc5 Qc7 24. Bxf8 Rxf8 25. Rc5 Qb6 26. Re1 Na5 27. Kh1 Nxb3 28. Qf2 Qxc5 29. Qxc5 Nxc5 30. Bc2 Ne4 31. Bxe4 dxe4 32. Kg1 Be7 0-1


[Site "https://www.chess.com"]

[Event "Titled Tuesday Blitz July 13 2021"]
[White "Tanenbaum, Zachary"]
[Black "Novikov, Evgenij"]
[WhiteFideId "2060850"]
[BlackFideId "4125380"]
[WhiteElo "2165"]
[BlackElo "2242"]
[Result "1-0"]
[Round "09"]
[TimeControl "180+1"]
[Date "2021.07.13"]
[WhiteClock "0:00:04"]
[BlackClock "0:00:40"]

1. e4 c5 2. Nf3 d6 3. d4 cxd4 4. Nxd4 Nf6 5. Nc3 a6 6. Be3 e5 7. Nb3 Be7 8. h3 O-O 9. f4 b5 10. Qf3 Bb7 11. O-O-O b4 12. Nd5 Nxd5 13. exd5 exf4 14. Bxf4 Nd7 15. g4 Bg5 16. Kb1 Bxf4 17. Qxf4 Ne5 18. Qxb4 Rb8 19. Qf4 a5 20. Bb5 Qb6 21. a4 Ba6 22. Nd4 Rfc8 23. Rhf1 Rc4 24. b3 Bxb5 25. axb5 Rb4 26. Qd2 Qc5 27. Nc6 Nxc6 28. dxc6 Qxb5 29. Qd5 Qb6 30. Qxf7+ Kh8 31. Qf8+ Rxf8 32. Rxf8# 1-0


[Site "https://www.chess.com"]

[Event "Titled Tuesday Blitz July 13 2021"]
[White "Tikhonov, Viacheslav"]
[Black "Gelman, Alexander"]
[WhiteFideId "44196407"]
[BlackFideId "4118316"]
[WhiteElo "1773"]
[BlackElo "2375"]
[Result "0-1"]
[Round "09"]
[TimeControl "180+1"]
[Date "2021.07.13"]
[WhiteClock "0:00:02"]
[BlackClock "0:00:11"]

1. e4 c5 2. Nf3 e6 3. b3 d6 4. Bb2 a6 5. g3 Nc6 6. Bg2 Nf6 7. Qe2 Be7 8. O-O O-O 9. c4 Qc7 10. d4 cxd4 11. Nxd4 Bd7 12. Nd2 Rac8 13. Rac1 Ne5 14. f4 Ng6 15. Kh1 Qb8 16. N4f3 Bc6 17. e5 dxe5 18. Nxe5 Bxg2+ 19. Kxg2 Rfd8 20. Rcd1 b5 21. Rfe1 Nxe5 22. Bxe5 Qb7+ 23. Qf3 Qb6 24. h3 h6 25. g4 Qa5 26. Re2 Qxa2 27. Ra1 Qc2 28. Ne4 Qd3 29. Re3 Qd7 30. Bxf6 Bxf6 31. Nxf6+ gxf6 32. Rxa6 bxc4 33. bxc4 Rxc4 34. Ra2 Qc7 35. Rf2 Rdd4 36. Kg3 Kg7 37. Rd3 Rxd3 38. Qxd3 Rc3 39. Rf3 Rxd3 40. Rxd3 Qc2 41. Rf3 Qe2 42. Rf2 Qe3+ 43. Rf3 Qg1+ 44. Kh4 Qe1+ 45. Kh5 e5 46. fxe5 fxe5 47. h4 Qe4 48. Rf5 f6 49. g5 Qe2+ 50. Rf3 Qxf3# 0-1


[Site "https://www.chess.com"]